 Dungeon Crawl Stone Soup version 0.15.2 (webtiles) character file.

12036 4tharraofdagon the Arsonist (level 11, -3/84 HPs)
             Began as a Centaur Air Elementalist on Dec 27, 2014.
             Was an Elder of Vehumet.
             Slain by a blink frog (14 damage)
             ... on Level 6 of the Lair of Beasts.
             The game lasted 01:30:45 (8156 turns).

4tharraofdagon the Arsonist (CeAE)                  Turns: 8156, Time: 01:30:45

HP  -3/84        AC  8     Str 16      XL: 11   Next: 57%
MP  24/24        EV  8     Int 15      God: Vehumet [****..]
Gold 588         SH  5     Dex 14      Spells:  6 memorised,  9 levels left

rFire  + + .     SeeInvis .     u - staff of air
rCold  . . .     Clarity  .     s - +0 leather armour {MR+}
rNeg   . . .     rCorr    .     S - +2 buckler {rC+ rF+}
rPois  .         rRot     .     W - +2 hat
rElec  +         Spirit   .     V - +0 cloak
SustAb .         Warding  .     G - +0 pair of gloves
rMut   .         Stasis   .     (no barding)
Gourm  .                        H - amulet of rage
MR     ++...                    R - ring of Vanity {Fire Str+3 Dex+4}
                                B - ring of protection from magic

@: repel missiles, very quick, very resistant to hostile enchantments, very
unstealthy
A: hooves 3, deformed body, speed 2, tough skin 3
a: Renounce Religion, Evoke Berserk Rage


You were on level 6 of the Lair of Beasts.
You worshipped Vehumet.
Vehumet was greatly pleased with you.
You were hungry.

You visited 3 branches of the dungeon, and saw 16 of its levels.
You also visited: Ossuary.

You collected 863 gold pieces.
You spent 275 gold pieces at shops.

Inventory:

Missiles
 i - 27 stones
 x - 4 tomahawks (quivered)
 I - 2 javelins
Armour
 s - a +0 leather armour of magic resistance (worn)
 G - a +0 pair of gloves (worn)
 S - a +2 buckler of resistance (worn)
 V - a +0 cloak (worn)
 W - a +2 hat (worn)
 Z - a +2 pair of gloves
Magical devices
 a - a wand of fire (7)
 g - a wand of frost (14)
 p - a wand of paralysis (12)
 L - a wand of random effects (12) {unknown}
 M - a wand of slowing (6)
 O - a wand of lightning (2)
 Q - a wand of cold (0)
 U - a wand of polymorph (9)
 X - a wand of enslavement (7)
 Y - a wand of fire (7)
Comestibles
 c - 9 bread rations
 f - 10 fruits
 o - 2 beef jerkies
 t - 2 meat rations
 K - 2 slices of pizza
 N - a rotting chunk of blink frog flesh
Scrolls
 m - a scroll of holy word {unknown}
 v - 2 scrolls of teleportation
 y - 4 scrolls of identify
 E - 6 scrolls of amnesia
 F - 6 scrolls of remove curse
 J - a scroll of fear
 P - 5 scrolls of blinking
Jewellery
 k - an uncursed ring of teleportation
 A - an uncursed ring of see invisible
 B - a ring of protection from magic (left hand)
 H - an amulet of rage (around neck)
 R - the ring of Vanity (right hand) {Fire Str+3 Dex+4}
   (You found it on level 6 of the Dungeon)

   [ring of fire]

   It enhances your fire magic, and weakens your ice magic.
   It affects your strength (+3).
   It affects your dexterity (+4).
   It protects you from fire.
   It makes you vulnerable to cold.
Potions
 d - a potion of degeneration
 e - 2 potions of heal wounds
 h - a potion of poison
 j - 2 potions of haste
 l - 3 potions of flight
 q - 2 potions of resistance
 r - a potion of invisibility
 w - 2 potions of cancellation
 z - a potion of restore abilities
 C - a potion of agility
 D - 6 potions of curing
Books
 b - a book of Air

   Spells                             Type                      Level
   *Shock                             Conjuration/Air              1
   *Swiftness                         Charms/Air                   2
   *Repel Missiles                    Charms/Air                   2
   Flight                             Charms/Air                   3
   Static Discharge                   Conjuration/Air              3
   *Lightning Bolt                    Conjuration/Air              5
 T - a book of Power

   Spells                             Type                      Level
   Fulminant Prism                    Conjuration/Hexes            4
   Iskenderun's Mystic Blast          Conjuration                  4
   Venom Bolt                         Conjuration/Poison           5
   Bolt of Magma                      Conjuration/Fire/Earth       5
   Iron Shot                          Conjuration/Earth            6
   Orb of Destruction                 Conjuration                  7
Magical staves
 u - an uncursed staff of air (weapon)
Rods
 n - a +0 rod of the swarm (10/10)
   (You found it on level 7 of the Dungeon)


   Skills:
 - Level 4.3 Fighting
 - Level 1.3 Dodging
 - Level 1.2 Stealth
 + Level 6.7 Spellcasting
 * Level 9.2 Conjurations
 * Level 10.6 Fire Magic
 - Level 5.0 Air Magic


You had 9 spell levels left.
You knew the following spells:

 Your Spells              Type           Power        Failure   Level  Hunger
a - Shock                 Conj/Air       ####         1%          1    None
b - Repel Missiles        Chrm/Air       ###...       14%         2    None
c - Swiftness             Chrm/Air       ###.....     14%         2    None
d - Lightning Bolt        Conj/Air       #####.....   10%         5    #####..
e - Flame Tongue          Conj/Fire      #####        1%          1    None
f - Conjure Flame         Conj/Fire      ######..     1%          3    ##.....


Dungeon Overview and Level Annotations

Branches:
Dungeon (9/15)             Temple (1/1) D:7            Lair (6/8) D:9
  Snake (0/5) Lair:3        Slime (0/6) Lair:6
    Orc: D:9-12       Swamp: Lair:3-6    Shoals: Lair:3-6

Altars:
Ashenzari
Cheibriados
Dithmenos
Elyvilon
Fedhas
Makhleb
Nemelex Xobeh
Okawaru
Qazlal
Sif Muna
Trog
Vehumet
Xom
Yredelemnul
The Shining One

Shops:
D:4 *

Annotations:
Lair:3 NAGA PIT


Innate Abilities, Weirdness & Mutations

You have hooves in place of feet.
Armour fits poorly on your strangely shaped body.
You cover ground very quickly.
You have extremely tough skin (AC +3).


Message History

The blink frog hits you!
The blink frog blinks!
Unknown command.
A blink frog comes into view.
Unknown command.
Unknown command.
The blink frog blinks!
Unknown command.
The blink frog croaks.
The blink frog blinks! x2
Being near the torpor snail leaves you feeling lethargic.
Unknown command.
You feel yourself speed up. The blink frog hits you!
* * * LOW HITPOINT WARNING * * *
The blink frog blinks!
The blink frog hits you!
* * * LOW HITPOINT WARNING * * *
The blink frog blinks!
Unknown command.
The blink frog blinks!
The blink frog hits you!
You die...

..P #...............S≈≈≈. .
##............P§.§≈≈# ###
#...§..........§≈§..≈ ..#
#.......F...#..§§§.. ..#
##P§.P.....P#..P.... ..##
##....F...###.P.... §.P#
#........# ##... §..#
#.FF...P## .. ..## #.@#....#
...### ... ###..###.##
..P..#...####.§..##P.##
.......)...#......#...#
.................#....Y..w....
.D.#.##.####...P....§.w..Y...
...### # ###.#P#.#.........
.....# ########........ .#####
#.#####.


You could see 4 blink frogs.

Vanquished Creatures
  3 elephants (Lair:2)
  Maurice (D:8)
  A black mamba (Lair:4)
  6 spiny frogs
  3 komodo dragons
  A hydra zombie (D:8)
  6 blink frogs
  6 yaks (Lair:3)
  3 hippogriffs
  A naga (Lair:3)
  9 porcupines
  4 water moccasins
  A necrophage (D:8)
  2 ogres
  8 crocodiles
  Sigmund (D:7)
  A boring beetle (Lair:5)
  12 giant frogs
  6 killer bees (D:9)
  An electric eel (Lair:4)
  A jelly (D:8)
  5 hounds
  A giant frog zombie (D:5)
  5 orc priests
  2 crimson imps
  5 iguanas
  A black bear zombie (D:6)
  5 orc wizards
  A big kobold zombie (Ossuary)
  A killer bee zombie (D:5)
  4 worker ants
  Ijyb (D:4)
  8 mummies (Ossuary)
  A worker ant zombie (D:7)
  7 gnolls
  10 adders
  29 green rats
  An inept item mimic (D:4)
  A giant mite (D:2)
  An orc skeleton (D:3)
  A giant gecko (D:7)
  23 orcs
  A bat skeleton (D:8)
  4 giant cockroaches
  A gnoll zombie (Ossuary)
  15 goblins
  11 hobgoblins
  14 jackals
  6 quokkas
  8 bats
  6 giant newts
  A giant spore (D:8)
  A hobgoblin zombie (Ossuary)
  7 kobolds
  2 kobold zombies (Ossuary)
  4 orc zombies
  A quokka zombie (D:6)
  9 rats
  A ballistomycete (D:8)
  A butterfly (Lair:1)
283 creatures vanquished.

Vanquished Creatures (collateral kills)
  A komodo dragon (Lair:2)
  A fire drake (Lair:4)
  A naga (D:9)
  An iguana (D:8)
  A quokka (D:8)
5 creatures vanquished.

Vanquished Creatures (others)
  An ice beast (D:8)
  A spider (D:8)
  A crimson imp (D:8)
  A worker ant (Lair:1)
4 creatures vanquished.

Grand Total: 292 creatures vanquished

Notes
Turn   | Place    | Note
--------------------------------------------------------------
     0 | D:1      | 4tharraofdagon, the Centaur Air Elementalist, began the quest for the Orb.
     0 | D:1      | Reached XP level 1. HP: 14/14 MP: 2/2
    77 | D:1      | Reached skill level 1 in Conjurations
   169 | D:2      | Reached skill level 1 in Fighting
   169 | D:2      | Reached XP level 2. HP: 20/23 MP: 0/3
   195 | D:2      | Reached skill level 3 in Air Magic
   575 | D:2      | Found a bloodstained altar of Trog.
   610 | D:2      | Reached XP level 3. HP: 22/29 MP: 0/5
   788 | D:2      | Learned a level 2 spell: Repel Missiles
   791 | D:2      | Learned a level 2 spell: Swiftness
  1060 | D:3      | Reached XP level 4. HP: 11/36 MP: 2/5
  1522 | D:4      | Reached XP level 5. HP: 32/44 MP: 8/8
  1847 | D:4      | Found Emomm's Elemental Accessories.
  1874 | D:4      | Found a sand-covered staircase.
  1879 | Ossuary  | Entered an ossuary
  2109 | Ossuary  | Face the face
  2179 | Ossuary  | Reached XP level 6. HP: 14/51 MP: 0/10
  2561 | D:4      | Bought an uncursed staff of air for 275 gold pieces
  2771 | D:4      | Noticed Ijyb
  2794 | D:4      | Killed Ijyb
  2794 | D:4      | Reached skill level 4 in Air Magic
  2886 | D:5      | Entered Level 5 of the Dungeon
  3366 | D:6      | Reached XP level 7. HP: 45/59 MP: 7/11
  3514 | D:5      | Reached skill level 5 in Air Magic
  3592 | D:6      | Learned a level 5 spell: Lightning Bolt
  3848 | D:6      | Got a scintillating marble ring
  3851 | D:6      | Identified the ring of Vanity {Fire Str+3 Dex+4} (You found it on level 6 of the Dungeon)
  4091 | D:7      | Noticed Sigmund
  4100 | D:7      | Killed Sigmund
  4178 | D:7      | Found a staircase to the Ecumenical Temple.
  4207 | Temple   | Entered the Ecumenical Temple
  4226 | Temple   | Became a worshipper of Vehumet
  4429 | D:7      | Reached XP level 8. HP: 59/66 MP: 6/15
  4663 | D:8      | Identified a +0 rod of the swarm (10/10) (You found it on level 7 of the Dungeon)
  4737 | D:8      | Reached skill level 5 in Conjurations
  4786 | D:8      | Acquired Vehumet's first power
  4786 | D:8      | Offered knowledge of Freeze by Vehumet.
  4914 | D:8      | Found a burning altar of Makhleb.
  4914 | D:8      | Found a basalt altar of Yredelemnul.
  4974 | D:8      | Reached skill level 6 in Conjurations
  5217 | D:8      | Noticed Maurice
  5242 | D:8      | Killed Maurice
  5242 | D:8      | Reached skill level 7 in Conjurations
  5242 | D:8      | Reached XP level 9. HP: 71/71 MP: 11/19
  5256 | D:9      | Found an iron altar of Okawaru.
  5296 | D:9      | Found a staircase to the Lair.
  5296 | D:9      | Noticed a fire drake
  5307 | D:9      | a fire drake changed into a naga
  5445 | D:9      | Reached skill level 5 in Spellcasting
  5493 | D:9      | Offered knowledge of Flame Tongue by Vehumet.
  5496 | D:9      | Learned a level 1 spell: Flame Tongue
  5542 | D:9      | Found a glowing golden altar of the Shining One.
  5607 | Lair:1   | Entered Level 1 of the Lair of Beasts
  5607 | Lair:1   | Noticed a spiny frog
  5670 | Lair:1   | Killed a spiny frog
  5670 | Lair:1   | Reached skill level 1 in Fire Magic
  5685 | Lair:1   | Found a shattered altar of Ashenzari.
  5817 | Lair:1   | Noticed a spiny frog
  5847 | Lair:1   | Killed a spiny frog
  5923 | Lair:1   | Noticed a spiny frog
  5947 | Lair:1   | Killed a spiny frog
  6201 | Lair:2   | Reached skill level 5 in Fire Magic
  6295 | Lair:2   | Noticed a spiny frog
  6296 | Lair:2   | Noticed a komodo dragon
  6318 | Lair:2   | Killed a komodo dragon
  6344 | Lair:2   | Reached XP level 10. HP: 79/79 MP: 18/22
  6378 | Lair:2   | Offered knowledge of Conjure Flame by Vehumet.
  6383 | Lair:2   | Learned a level 3 spell: Conjure Flame
  6455 | Lair:2   | Noticed a komodo dragon
  6483 | Lair:2   | Killed a spiny frog
  6491 | Lair:2   | Killed a komodo dragon
  6525 | Lair:2   | Noticed an elephant
  6526 | Lair:2   | Noticed an elephant
  6530 | Lair:2   | Noticed an elephant
  6604 | Lair:2   | Killed an elephant
  6604 | Lair:2   | Acquired Vehumet's second power
  6617 | Lair:2   | Killed an elephant
  6617 | Lair:2   | Reached skill level 8 in Fire Magic
  6627 | Lair:2   | Killed an elephant
  6901 | Lair:3   | Found a staircase to the Snake Pit.
  6923 | Lair:3   | Reached skill level 9 in Fire Magic
  6952 | Lair:3   | Offered knowledge of Mephitic Cloud by Vehumet.
  7033 | Lair:3   | Reached XP level 11. HP: 61/84 MP: 18/23
  7435 | Lair:4   | Acquired Vehumet's third power
  7470 | Lair:4   | Reached skill level 10 in Fire Magic
  7535 | Lair:4   | Offered knowledge of Force Lance by Vehumet.
  8050 | Lair:6   | Found a staircase to the Slime Pits.
  8102 | Lair:6   | Noticed a four-headed hydra
  8156 | Lair:6   | Slain by a blink frog

Action                   |  1- 3 |  4- 6 |  7- 9 | 10-12 || total
-------------------------+-------+-------+-------+-------++-------
Melee: Unarmed           |    14 |       |       |       ||    14
       Club              |    56 |    12 |       |       ||    68
       Dagger            |       |    81 |       |       ||    81
       Staff             |       |    39 |    41 |    25 ||   105
 Fire: Hunting sling     |     6 |       |       |       ||     6
Throw: Stone             |     1 |    26 |       |       ||    27
       Tomahawk          |       |     4 |       |       ||     4
 Cast: Shock             |    35 |   106 |   228 |    77 ||   446
       Repel Missiles    |     1 |     1 |       |     1 ||     3
       Flame Tongue      |       |       |     3 |   116 ||   119
       Conjure Flame     |       |       |       |    24 ||    24
 Abil: Evoke Teleportati |       |     1 |       |       ||     1
Evoke: Wand              |       |       |    28 |     5 ||    33
       Rod               |       |       |     4 |       ||     4
  Use: Potion            |     5 |       |     5 |     2 ||    12
       Scroll            |     3 |     8 |     7 |     2 ||    20
  Eat: Chunk             |       |     5 |     6 |     4 ||    15
       Fruit             |       |     3 |       |       ||     3
       Pizza             |       |     1 |       |       ||     1
       Meat ration       |       |       |     1 |       ||     1
       Beef jerky        |       |       |       |     1 ||     1
